 Dungeon Crawl Stone Soup version 0.17-a0-913-g36eb389 (webtiles) character file.

8052 Lathuz the Blocker (level 11, -3/99 HPs)
             Began as a Minotaur Fighter on May 3, 2015.
             Was a High Priest of Okawaru.
             Succumbed to Sonja's poison
             ... on level 2 of the Lair of Beasts.
             The game lasted 00:39:53 (11574 turns).

Lathuz the Blocker (Minotaur Fighter)              Turns: 11574, Time: 00:39:53

Health: -3/99      AC: 15    Str: 21    XL:     11   Next: 4%
Magic:  9/10       EV:  9    Int:  5    God:    Okawaru [*****.]
Gold:   479        SH: 15    Dex: 13    Spells: 0 memorised, 10 levels left

rFire  . . .     SeeInvis .     a - +1 flail
rCold  . . .     Clarity  .     b - +0 scale mail
rNeg   . . .     SustAb   .     U - +2 shield
rPois  .         Gourm    .     (helmet restricted)
rElec  .         Spirit   +     K - +0 cloak (curse)
rCorr  .         Warding  .     (no gloves)
rMut   .         Stasis   .     (no boots)
MR     +....                    l - amulet of guardian spirit
Stlth  ..........               q - ring of protection from magic
                                p - +5 ring of protection

@: lethally poisoned (-3 -> -45), slowed, very slow, somewhat resistant to
hostile enchantments, extremely unstealthy
A: retaliatory headbutt, horns 2
a: Heroism, Finesse, Renounce Religion


You were on level 2 of the Lair of Beasts.
You worshipped Okawaru.
Okawaru was extremely pleased with you.
You were not hungry.

You visited 3 branches of the dungeon, and saw 12 of its levels.

You collected 479 gold pieces.

Inventory:

Hand weapons
 a - a +1 flail (weapon)
Missiles
 M - a throwing net (quivered)
Armour
 b - a +0 scale mail (worn)
 K - a cursed +0 cloak (worn)
 U - a +2 shield (worn)
Rods
 Q - a +0 rod of inaccuracy (14/14)
   (You found it on level 7 of the Dungeon)
Jewellery
 l - an amulet of guardian spirit (around neck)
 p - a +5 ring of protection (left hand)
 q - a ring of protection from magic (right hand)
 P - the ring "Gylor" {rC- AC+3 Dex+3}
   (You found it on level 7 of the Dungeon)

   [ring of protection]

   It affects your AC (+3).
   It affects your dexterity (+3).
   It makes you vulnerable to cold.
Magical devices
 c - a wand of fire (14)
 k - a wand of fireball (3)
 z - a wand of digging (14)
 A - a wand of frost (24)
 N - a wand of confusion (22)
 R - a wand of disintegration (19)
 X - a wand of paralysis (5)
Scrolls
 f - a scroll of random uselessness {unknown}
 i - 5 scrolls of identify
 m - a scroll of amnesia {unknown}
 n - 2 scrolls of remove curse
 r - a scroll of silence {unknown}
 w - a scroll of teleportation
 x - a scroll of recharging {unknown}
 y - a scroll of magic mapping
 C - 2 scrolls of enchant armour
 E - a scroll of blinking {unknown}
 I - 2 scrolls of enchant weapon
 J - a scroll of noise {unknown}
 T - a scroll of brand weapon {unknown}
 Y - a scroll of holy word {unknown}
Potions
 d - 3 potions of might
 g - 5 potions of curing {unknown}
 h - a potion of haste {unknown}
 j - a potion of brilliance {unknown}
 s - a potion of mutation {unknown}
 t - 2 potions of flight {unknown}
 u - 5 potions of heal wounds
 v - a potion of berserk rage {unknown}
 B - a potion of cure mutation {unknown}
 H - a potion of degeneration {unknown}
 L - a potion of ambrosia {unknown}
 V - a potion of resistance {unknown}
 W - 2 potions of lignification {unknown}
 Z - 2 potions of poison {unknown}
Comestibles
 e - 9 bread rations
 o - a slice of pizza
 D - 7 beef jerkies
 F - 28 fruits
 O - 2 meat rations


   Skills:
 + Level 9.7 Fighting
 - Level 10.2 Maces & Flails
 + Level 9.8 Armour
 * Level 12.7 Shields


You had 10 spell levels left.
You didn't know any spells.

Dungeon Overview and Level Annotations

Branches:
Dungeon (9/15)             Temple (1/1) D:4            Lair (2/8) D:8
    Orc: D:9-12

Altars:
Ashenzari
Cheibriados
Dithmenos
Elyvilon
Fedhas
Gozag
Kikubaaqudgha
Makhleb
Nemelex Xobeh
Okawaru
Qazlal
Ru
Sif Muna
Trog
Vehumet
Xom
Yredelemnul
Zin
The Shining One

Shops:
D:4 (

Annotations:
D:4 1 exclusion
Lair:2 Sonja


Innate Abilities, Weirdness & Mutations

You reflexively headbutt those who attack you in melee.
You have a pair of horns on your head.


Message History

You feel extremely sick. Sonja hits you but does no damage. x2
You are more poisoned.
You block Sonja's attack. Sonja hits you but does no damage.
You block Sonja's attack. x2
Read which item? (? for menu, Esc to quit)
As you read the scroll of teleportation, it crumbles to dust.
You feel strangely unstable.
* * * LOW HITPOINT WARNING * * *
You feel extremely sick. You block Sonja's attack. x2
Sonja barely misses you.
Sonja casts a spell.
Sonja blinks!
* * * LOW HITPOINT WARNING * * *
You feel extremely sick.
* * * LOW HITPOINT WARNING * * *
You feel very sick.
Your surroundings suddenly seem different.
You die...

..######### #..## ##........
....#.#.#.######...# #.........
.....#.#......♣#.t## ##........
.........♣.....♣..P# #..#......
........♣..P...♣P.P# ###.......
......P♣.PP........♣### ####....
....(.......PP.P...♣..#######...#
...................♣...#.##P...##
....♣.P.P.P....P@...♣........###
...♣........PP......♣P###...#.#
............(....P...♣.#.......#
#.............................[..
#.......P........................
##.........P.......P.............
##...........P.P................
#♣.................♣..........
#.................♣♣.........


You could see a crocodile (wandering).

Vanquished Creatures
  The ghost of Viceroy the Cleaver, an experienced MiFi of Ru (D:8)
  The ghost of hornqvist the Covert, an experienced OpAs of Gozag (D:4)
  A polar bear (Lair:2)
  3 blink frogs (Lair:2)
  Prince Ribbit (D:7)
  7 yaks
  Sigmund (D:4)
  A hippogriff (Lair:2)
  3 basilisks
  4 water moccasins (Lair:2)
  5 porcupines
  An ice beast (D:8)
  A black bear (D:7)
  3 centaurs
  2 ogres
  2 phantoms
  2 crocodiles (Lair:1)
  A giant frog (Lair:2)
  13 big kobolds
  2 scorpions
  6 crimson imps
  6 hounds
  2 gnoll shamans (D:8)
  8 iguanas
  An orc priest (D:6)
  4 giant frog zombies
  3 orc wizards
  3 worker ants
  6 sheep (Lair:2)
  A hound zombie (D:7)
  A hound skeleton (D:8)
  A worker ant zombie (D:6)
  15 gnolls
  7 adders
  13 river rats
  3 shadow imps
  An ooze (D:4)
  An adder zombie (D:6)
  3 worms
  8 giant geckos
  19 orcs
  A ball python (D:5)
  A bat skeleton (D:8)
  A bat zombie (D:7)
  8 giant cockroaches
  21 goblins
  15 hobgoblins
  5 jackals
  7 quokkas
  6 bats
  2 giant newts
  A jackal skeleton (D:4)
  36 kobolds
  12 rats
  A ballistomycete (D:8)
284 creatures vanquished.

Vanquished Creatures (others)
  2 giant spores
2 creatures vanquished.

Grand Total: 286 creatures vanquished

Notes
Turn   | Place    | Note
--------------------------------------------------------------
     0 | D:1      | Lathuz, the Minotaur Fighter, began the quest for the Orb.
     0 | D:1      | Reached XP level 1. HP: 19/19 MP: 0/0
   154 | D:1      | Reached XP level 2. HP: 26/26 MP: 1/1
  1088 | D:2      | Reached skill level 4 in Maces & Flails
  1161 | D:2      | Reached XP level 3. HP: 31/31 MP: 2/2
  1465 | D:2      | Found a shadowy altar of Dithmenos.
  1743 | D:3      | Reached skill level 5 in Maces & Flails
  1945 | D:3      | Reached XP level 4. HP: 36/39 MP: 3/3
  2501 | D:3      | Reached skill level 6 in Maces & Flails
  3149 | D:4      | Reached XP level 5. HP: 41/45 MP: 4/4
  3217 | D:4      | Noticed hornqvist's ghost (experienced OpAs)
  3218 | D:4      | Found Ifumorio's Weapon Boutique.
  3851 | D:4      | Reached skill level 7 in Maces & Flails
  3999 | D:4      | Noticed Sigmund
  4010 | D:4      | Killed Sigmund
  4010 | D:4      | Reached skill level 8 in Maces & Flails
  4010 | D:4      | Reached XP level 6. HP: 48/51 MP: 5/5
  4054 | D:4      | Killed hornqvist's ghost
  4054 | D:4      | Reached skill level 10 in Maces & Flails
  4054 | D:4      | Reached XP level 7. HP: 24/57 MP: 6/6
  4312 | D:4      | Found a staircase to the Ecumenical Temple.
  4374 | Temple   | Entered the Ecumenical Temple
  4467 | Temple   | Became a worshipper of Warmaster Okawaru
  4547 | D:5      | Entered Level 5 of the Dungeon
  5004 | D:5      | Acquired Okawaru's first power
  5004 | D:5      | Reached skill level 5 in Shields
  5004 | D:5      | Reached XP level 8. HP: 54/67 MP: 7/7
  5573 | D:5      | Reached skill level 5 in Fighting
  5573 | D:5      | Reached skill level 5 in Armour
  6622 | D:7      | Got a slimy pewter ring
  6674 | D:7      | Identified the ring "Gylor" {rC- AC+3 Dex+3} (You found it on level 7 of the Dungeon)
  6718 | D:7      | Noticed Prince Ribbit
  6847 | D:7      | Reached XP level 9. HP: 70/75 MP: 8/8
  7282 | D:7      | Killed Prince Ribbit
  7388 | D:8      | Noticed Viceroy's ghost (experienced MiFi)
  7864 | D:8      | Found a staircase to the Lair.
  7957 | D:8      | Reached skill level 10 in Shields
  7966 | D:8      | Found an ancient bone altar of Kikubaaqudgha.
  8498 | D:8      | Reached XP level 10. HP: 72/88 MP: 9/9
  8627 | D:8      | Killed Viceroy's ghost
  8827 | Lair:1   | Entered Level 1 of the Lair of Beasts
  8862 | Lair:1   | Found a deep blue altar of Sif Muna.
  8927 | Lair:1   | Reached skill level 11 in Shields
 10582 | Lair:2   | Reached skill level 12 in Shields
 10743 | Lair:2   | Acquired Okawaru's second power
 11322 | Lair:2   | Reached XP level 11. HP: 97/99 MP: 10/10
 11539 | Lair:2   | Noticed Sonja
 11573 | Lair:2   | HP: 1/99 [poisoned by Sonja]
 11574 | Lair:2   | Succumbed to Sonja's poison

Action                   |  1- 3 |  4- 6 |  7- 9 | 10-12 || total
-------------------------+-------+-------+-------+-------++-------
Melee: Flail             |   101 |   148 |   520 |   268 ||  1037
Invok: Heroism           |       |       |     5 |     4 ||     9
Evoke: Wand              |       |     1 |       |       ||     1
  Use: Scroll            |       |       |     7 |     3 ||    10
       Potion            |       |       |       |     3 ||     3
  Eat: Chunk             |     2 |     5 |     6 |     7 ||    20
       Beef jerky        |     1 |     1 |       |     2 ||     4
       Meat ration       |       |       |     1 |       ||     1
       Bread ration      |       |       |     1 |       ||     1
